 Dungeon Crawl Stone Soup version 0.24.1-14-gf8d2b509d9 (webtiles) character file.

Game seed: 10762916460530695643, levelgen mode: deterministic

221 Hugehornet the Cudgeler (level 5, -1/32 HPs)
             Began as a Gargoyle Fighter on May 18, 2020.
             Slain by an orc
             ... wielding a +0 hand axe
              (3 damage)
             ... on level 3 of the Dungeon.
             The game lasted 00:02:53 (3004 turns).

Hugehornet the Cudgeler (Gargoyle Fighter)          Turns: 3004, Time: 00:02:54

Health: -1/32      AC: 10    Str: 21    XL:     5   Next: 98%
Magic:  5/5        EV:  7    Int:  8    God:
Gold:   63         SH:  9    Dex:  9    Spells: 4/4 levels left

rFire    . . .     SeeInvis .   a - +0 flail
rCold    . . .     Gourm    .   c - +0 shield
rNeg     + . .     Faith    .   b - +0 scale mail
rPois    ∞         Spirit   .   (no helmet)
rElec    +         Reflect  .   (no cloak)
rCorr    .         Harm     .   (no gloves)
MR       .....                  (no boots)
Stlth    ..........             (no amulet)
HPRegen  0.10/turn              (no ring)
MPRegen  0.09/turn              (no ring)

@: no status effects
A: negative energy resistance 1, electricity resistance, unbreathing,
petrification resistance, rot immunity, AC +4
a: no special abilities


You were on level 3 of the Dungeon.
You were not hungry.

You visited 1 branch of the dungeon, and saw 3 of its levels.

You collected 63 gold pieces.

Inventory:

Hand Weapons
 a - a +0 flail (weapon)
Armour
 b - a +0 scale mail (worn)
 c - a +0 shield (worn)
Wands
 m - a wand of random effects (15)
Scrolls
 j - a scroll of blinking {unknown}
 k - a scroll of immolation {unknown}
 l - 2 scrolls of remove curse {unknown}
Potions
 d - a potion of might
Comestibles
 f - 5 rations


   Skills:
 - Level 3.2 Fighting
 + Level 6.0 Maces & Flails
 - Level 3.2 Armour
 - Level 3.2 Shields


You had 4 spell levels left.
You didn't know any spells.
Your spell library was empty.

Dungeon Overview and Level Annotations

Branches:
Dungeon (3/15)

Altars:
Ashenzari


Innate Abilities, Weirdness & Mutations

You are resistant to torment.
Your stone body is resilient. (AC +4)
You are immune to poison.
You resist negative energy. (rN+)
You are resistant to electric shocks. (rElec)
You can survive without breathing.
You are immune to petrification.
You are immune to rotting.


Message History

You hit the orc.
The orc is severely wounded.
The orc hits you with a cursed -3 mace.
* * * LOW HITPOINT WARNING * * *
You sock the orc!
You kill the orc!
You hit the hobgoblin.
The hobgoblin is almost dead.
The hobgoblin barely misses you.
You closely miss the hobgoblin.
The hobgoblin is almost dead.
You block the hobgoblin's attack.
You sock the hobgoblin!
You kill the hobgoblin!
You barely miss the orc. You block the orc's attack.
The orc hits you but does no damage.
Your shield and scale mail prevent you from hitting the orc.
The orc hits you but does no damage.
You closely miss the orc. The orc hits you with a +0 hand axe.
You die...

###### #..... #.....
........<.# #..... ..........
#######..... ..........
.#####........... #........#
.......÷...#.....
#........########........#....)
..........##go@...####..##....>
......)†....w###### ##.#...#.#
...........### #.÷...#.#
......))...###### ##....#.#
................#########...#..
............................##.
.#........#.................##.
............#####.#######...##.
.....#####...####.# ###.##.


You could see a dart slug, an orc and a hobgoblin.

Vanquished Creatures
  An orc priest (D:3)
  An orc wizard (D:3)
  Robin (D:2)
  7 adders
  An ooze (D:3)
  3 worms
  2 dart slugs
  A leopard gecko (D:1)
  6 orcs (D:3)
  3 giant cockroaches (D:2)
  7 hobgoblins
  2 jackals (D:1)
  6 bats
  7 frilled lizards
  13 goblins
  5 kobolds
  8 rats
74 creatures vanquished.

Notes
Turn   | Place    | Note
-------+----------+-------------------------------------------
     0 | D:1      | Hugehornet the Gargoyle Fighter began the quest for the
                  | Orb.
     0 | D:1      | Reached XP level 1. HP: 14/14 MP: 1/1
   231 | D:1      | Reached XP level 2. HP: 13/19 MP: 2/2
   474 | D:1      | Reached skill level 3 in Maces & Flails
   832 | D:1      | Reached XP level 3. HP: 20/23 MP: 3/3
  1209 | D:2      | Found a faded altar of an unknown god.
  1236 | D:2      | Reached skill level 4 in Maces & Flails
  1280 | D:2      | Reached XP level 4. HP: 25/28 MP: 4/4
  1478 | D:2      | Found a shattered altar of Ashenzari.
  2048 | D:2      | Noticed Robin
  2070 | D:2      | Killed Robin
  2733 | D:3      | Reached skill level 5 in Maces & Flails
  2761 | D:3      | Reached XP level 5. HP: 32/32 MP: 5/5
  2994 | D:3      | Reached skill level 6 in Maces & Flails
  3004 | D:3      | Slain by an orc

Levels and vault maps discovered:
D:1:      dpeg_arrival_refuge, layout_loops_corners
D:2:      layout_basic, lemuel_round_altar, chequers_ecumenical_altar_island,
          uniq_robin
D:3:      layout_rooms, lemuel_coloured_pillars_altar

Skill      XL: |  1  2  3  4  5 |
---------------+----------------+-----
Maces & Flails | 3 4 5 6 |  6.0
Fighting       | |  3.2
Armour         | |  3.2
Shields        | |  3.2

Action                   |  1- 3 |  4- 6 || total
-------------------------+-------+-------++-------
Melee: Flail             |   138 |   186 ||   324
  Use: Scroll            |       |     3 ||     3
  Eat: Chunk             |     1 |     6 ||     7
Armor: Scale mail        |   108 |   115 ||   223
Dodge: Dodged            |    61 |    56 ||   117
Block: Shield            |    95 |   115 ||   210
